 Dungeon Crawl Stone Soup version 0.28-a0-779-g3d1f99b579 (webtiles) character file.

Game seed: 3015151533056156205

518 flotson the Sneak (level 7, -1/55 HPs)
             Began as a Formicid Delver on Nov 2, 2021.
             Was an Initiate of Okawaru.
             Slain by a guardian serpent (shapeshifter) (8 damage)
             ... on level 4 of the Dungeon.
             The game lasted 00:08:55 (6257 turns).

flotson the Sneak (Formicid Delver)                 Turns: 6257, Time: 00:08:56

Health: -1/55      AC:  8    Str: 19    XL:     7   Next: 45%
Magic:  7/7        EV: 10    Int:  9    God:    Okawaru [......]
Gold:   178        SH:  0    Dex: 12    Spells: 6/6 levels left

rFire   . . .      SeeInvis +   s - +3 quarterstaff (chaos)
rCold   . . .      Faith    .   (no shield)
rNeg    . . .      Spirit   .   q - +0 scale mail
rPois   .          Reflect  .   (helmet unavailable)
rElec   .          Harm     .   t - +0 cloak
rCorr   .          Rampage  .   (no gloves)
Will    .....                   (no boots)
Stlth   ++........              (no amulet)
HPRegen 0.18/turn               (no ring)
MPRegen 0.10/turn               (no ring)

@: flying
A: permanent stasis, dig shafts and tunnels, antennae 3, four strong arms
a: Dig, Shaft Self, Renounce Religion


You were on level 4 of the Dungeon.
You worshipped Okawaru.
Okawaru was noncommittal.
You visited 2 branches of the dungeon, and saw 6 of its levels.

You collected 178 gold pieces.

Inventory:

Hand Weapons
 a - a +0 hand axe
 s - a +3 quarterstaff of chaos (weapon)
Missiles
 g - 5 datura-tipped darts (quivered)
 h - 3 boomerangs
 n - a throwing net
 r - 2 silver boomerangs
Armour
 q - a +0 scale mail (worn)
 t - a +0 cloak (worn)
Wands
 f - a wand of digging (2)
 p - a wand of acid (2)
Scrolls
 b - 2 scrolls of immolation {unknown}
 c - a scroll of fog
 d - 2 scrolls of magic mapping
 e - 2 scrolls of fear
 k - a scroll of torment {unknown}
 l - 4 scrolls of identify {unknown}
 o - 2 scrolls of amnesia {unknown}
Potions
 i - a potion of flight
 j - a potion of curing {unknown}
 m - a potion of brilliance {unknown}
 u - a potion of might {unknown}


   Skills:
 + Level 4.7 Fighting
 + Level 3.6 Axes
 + Level 2.9 Throwing
 + Level 3.3 Armour
 + Level 3.3 Dodging
 - Level 6.0 Stealth
 + Level 0.1 Invocations
 + Level 1.4 Evocations


You had 6 spell levels left.
You didn't know any spells.
Your spell library contained the following spells:

 Spells                   Type           Power      Damage    Failure   Level
 Apportation              Tloc           0%         N/A       75%         1
 Animate Skeleton         Necr           Unusable   N/A       N/A         1
 Summon Small Mammal      Summ           Unusable   N/A       N/A         1

Dungeon Overview and Level Annotations

Branches:
Dungeon (5/15)             Temple (1/1) D:4

Altars:
Ashenzari
Cheibriados
Dithmenos
Elyvilon
Hepliaklqana
Kikubaaqudgha
Makhleb
Okawaru
Ru
Sif Muna
Yredelemnul
The Shining One

Shops:
D:5 (


Innate Abilities, Weirdness & Mutations

You cannot be hasted, slowed, berserked, paralysed or teleported.
You can dig through walls and to a lower floor.
You have a pair of large antennae on your head. (SInv)
Your four strong arms can wield two-handed weapons with a shield.


Message History

The jackal bites you but does no damage. x3
You thump the jackal! You freeze the jackal.
You kill the jackal!
Okawaru accepts your kill.
You feel sick. The jackal misses you. The jackal closely misses you.
You miss the jackal.
You feel sick. The jackal barely misses you.
The jackal bites you but does no damage.
You barely miss the jackal.
You feel sick.
You are no longer poisoned.
The jackal barely misses you. The jackal bites you.
You barely miss the jackal. The jackal barely misses you.
The jackal misses you.
You hit the jackal.
The jackal changes into a shapeshifter!
The shapeshifter is lightly wounded.
The shapeshifter changes into a guardian serpent!
You hit the guardian serpent but do no damage.
Lightning courses through the guardian serpent!
The guardian serpent is lightly wounded.
The guardian serpent hits you.
You sock the guardian serpent!
The guardian serpent's magic leaks into the air.
The guardian serpent is moderately wounded.
The guardian serpent hits you.
The guardian serpent closely misses you.
You hit the guardian serpent but do no damage.
You drain the guardian serpent.
The guardian serpent is heavily wounded.
The guardian serpent barely misses you. The guardian serpent hits you.
You sock the guardian serpent!
The guardian serpent is heavily wounded.
The guardian serpent hits you!!
* * * LOW HITPOINT WARNING * * *
The guardian serpent hits you!
* * * LOW HITPOINT WARNING * * *
You are too injured to fight recklessly!
A guardian serpent is nearby!
It was a potion of flight.
You feel very buoyant.
You fly up into the air.
The guardian serpent hits you!
You die...

### ##..## .## #.# #....
..# #.#### #.##. #.#
#....#####.##. #.#
#......#>..... #.#
###........... ####.#
###......... #....###
#..##...... #@S.#
#.#........ ###.#
##........[. #.#
#...........
#.###.......##..
#.>##......####.
##........##....
###########.........##
#+###........##......##...
#.#....................##.


You could see a guardian serpent shaped shifter (drained).

Vanquished Creatures
  An ogre (D:3)
  Crazy Yiuf (D:3)
  3 hounds
  A bullfrog skeleton (D:5)
  A gnoll shaman (D:4)
  An orc wizard (D:3)
  9 gnolls
  3 adders
  An ufetubus (D:5)
  4 worms
  3 dart slugs
  8 orcs (D:3)
  5 bats
  9 endoplasms
  6 giant cockroaches
  3 goblins
  7 hobgoblins
  2 jackals
  4 quokkas
  11 ball pythons
  2 frilled lizards
  8 kobolds
  7 rats
100 creatures vanquished.

Vanquished Creatures (collateral kills)
  An adder (D:5)
1 creature vanquished.

Vanquished Creatures (others)
  An orc (D:3)
1 creature vanquished.

Grand Total: 102 creatures vanquished

Notes
Turn   | Place    | Note
-------+----------+-------------------------------------------
     0 | D:5      | flotson the Formicid Delver began the quest for the Orb.
     0 | D:5      | Reached XP level 1. HP: 18/18 MP: 1/1
    84 | D:5      | Reached XP level 2. HP: 24/24 MP: 2/2
   140 | D:5      | Reached skill level 1 in Throwing
   140 | D:5      | Reached skill level 1 in Armour
   140 | D:5      | Reached XP level 3. HP: 30/30 MP: 3/3
   156 | D:5      | Reached XP level 4. HP: 9/37 MP: 4/4
   410 | D:5      | Reached XP level 5. HP: 18/42 MP: 5/5
   596 | D:5      | Found Bagry's Weapon Boutique.
   669 | D:5      | Noticed a black bear
   672 | D:5      | Noticed a black bear
   848 | D:4      | Found a hazy altar of Hepliaklqana.
   855 | D:4      | Identified the +0 robe of Liczuih {rPois Str+4 Dex-2}
  1253 | D:3      | Noticed an ogre
  1780 | D:1      | Found a faded altar of an unknown god.
  3297 | D:2      | Reached XP level 6. HP: 40/48 MP: 6/6
  4095 | D:3      | Killed an ogre
  4251 | D:3      | Found a runed translucent door.
  4252 | D:3      | Noticed Crazy Yiuf
  4894 | D:3      | Reached XP level 7. HP: 54/55 MP: 7/7
  5178 | D:3      | Killed Crazy Yiuf
  5179 | D:3      | Reached skill level 1 in Evocations
  5771 | D:4      | Found a staircase to the Ecumenical Temple.
  5790 | Temple   | Entered the Ecumenical Temple
  6011 | Temple   | Became a worshipper of Warmaster Okawaru
  6252 | D:4      | Noticed a shapeshifter
  6252 | D:4      | a jackal changed into a shapeshifter
  6252 | D:4      | Noticed a guardian serpent
  6252 | D:4      | a shapeshifter changed into a guardian serpent
  6257 | D:4      | Slain by a guardian serpent (shapeshifter)

Illustrated notes

Levels and vault maps discovered:
D:1:      dpeg_arrival_round_a, layout_loops_ring,
          shapermc_ecumenical_altar_mp_highgroup
D:2:      minmay_skewed_foursquare, layout_rooms, hangedman_glass_teeth
D:3:      layout_basic, uniq_crazy_yiuf_cottage
D:4:      layout_rooms, nicolae_vehumet_altar_sigil, overflow_temple_1_default,
          minmay_temple_entry_mini_moons
D:5:      layout_basic, serial_shops, nicolae_shop_crystal, shop
Temple:   minmay_temple_curvy_loop

Skill      XL: |  1  2  3  4  5  6  7 |
---------------+----------------------+-----
Dodging        | 2 3 |  3.3
Throwing       | 1 2 |  2.9
Armour         | 1 2 3 |  3.3
Fighting       | 4 |  4.7
Axes           | 3 |  3.6
Evocations     | 1 |  1.4
Stealth        | |  6.0
Invocations    | |  0.1

Action                   |  1- 3 |  4- 6 |  7- 9 || total
-------------------------+-------+-------+-------++-------
Melee: Hand axe          |    21 |   307 |    11 ||   339
       Quarterstaff      |       |       |    53 ||    53
Throw: Dart              |     2 |     2 |       ||     4
 Abil: Dig               |     1 |       |       ||     1
Evoke: Wand              |       |     4 |     1 ||     5
  Use: Potion            |       |       |     1 ||     1
 Stab: Sleeping          |     3 |    12 |       ||    15
Armor: Ring mail         |     7 |    63 |       ||    70
       Scale mail        |       |    29 |    27 ||    56
Dodge: Dodged            |    10 |   168 |    41 ||   219

Table legend: (Time is in decaauts)
 A = Elapsed time spent in this place.
 B = Non-inter-level travel time spent in this place.
 C = Inter-level travel time spent in this place.
 D = Time resting spent in this place.
 E = Time spent auto-exploring this place.
 F = Levels seen in this place.
 G = Mean time per level.
                   A        B        C        D        E       F      G
               +--------+--------+--------+--------+--------+-----+--------+
         Total |   6329 |   6064 |    265 |    481 |   4379 |   6 | 1054.8 |
       Dungeon |   6067 |   5863 |    204 |    481 |   4182 |   5 | 1213.4 |
        Temple |    262 |    201 |     61 |      0 |    197 |   1 |  262.0 |
               +--------+--------+--------+--------+--------+-----+--------+

Top non-repeatable levels by time:
     D:3: 1866 daAuts
     D:1: 1504 daAuts
     D:2: 1300 daAuts
     D:5: 853 daAuts
     D:4: 542 daAuts
  Temple: 262 daAuts
